ANAHEIM vs VEGAS

Created - March-31-21 at 20:39

Goals
1 2 3 T
ANAHEIM 0 0 0 0
VEGAS 1 0 1 2
Shots
1 2 3 T
ANAHEIM 10 10 11 31
VEGAS 16 8 12 36

1st period

1. VEGAS , Devon Toews 6 (Kyle Turris 16, Josh Anderson 9) at 15:40 (PP)

Penalties :
Caleb Jones (ANA) for Elbowing (Minor) at 7:40, Andreas Athanasiou (ANA) for Hooking (Minor) at 10:50, Mike Green (ANA) for Roughing (Minor) at 14:49

2nd period

No Goal

Penalties :
Joel Edmundson (ANA) for Hooking (Minor) at 0:20, Nick Holden (VGK) for Cross-checking (Minor) at 3:48, Connor McDavid (ANA) for Slashing (Minor) at 7:29, Nick Holden (VGK) for Delaying the game (Minor) at 14:07

3rd period

2. VEGAS , Josh Anderson 9 (Brent Seabrook 15, Kyle Turris 17) at 14:11

Penalties :
Brock Nelson (VGK) for Hooking (Minor) at 4:32, Caleb Jones (ANA) for Interference (Minor) at 7:44, Zach Sanford (ANA) for High sticking (Minor) at 15:42, Casey Nelson (ANA) for Slashing (Minor) at 18:00

Goalie Stats

Juuse Saros (ANA), 34 saves from 36 shots - (0.944), L, 4-3-1, 60:00 minutes
Braden Holtby (VGK), 31 saves from 31 shots - (1.000), W, 22-19-4, 60:00 minutes

Players Stats for ANAHEIM

Player Name              G  A  P  +/- PIM S  H  SB GA TA FO     MP     PP MP  PK MP  
------------------------------------------------------------------------------------
Andreas Athanasiou       0  0  0   0  2   0  1  0  0  0  0/1    16:43   2:28   1:37 
Andrew Shaw              0  0  0   0  0   0  0  0  0  0  1/1     1:17   0:00   0:00 
Anton Stralman           0  0  0  -1  0   0  0  1  0  0  0/0    23:39   3:42   8:12 
Brendan Guhle            0  0  0   0  0   0  0  1  0  0  0/0     5:33   0:00   0:00 
Caleb Jones              0  0  0   0  4   0  0  1  0  0  0/0    10:31   0:00   0:38 
Casey Nelson             0  0  0   0  2   0  0  1  0  0  0/0     5:32   0:00   0:00 
Chris Wagner             0  0  0   0  0   0  0  0  0  0  0/2     1:36   0:00   1:11 
Connor McDavid           0  0  0  -1  2   8  2  1  0  0  14/36  25:12   3:29   7:26 
Evgeny Kuznetsov         0  0  0   0  0   5  1  0  0  0  8/19   24:04   2:28   7:45 
Jake McCabe              0  0  0   0  0   1  0  0  0  0  0/0    20:53   2:15   6:32 
Jason Zucker             0  0  0  -1  0   3  3  0  0  0  0/0    20:37   3:29   4:30 
Joel Edmundson           0  0  0  -1  2   3  3  2  0  0  0/0    22:37   3:42   7:11 
Michael Frolik           0  0  0   0  0   1  0  0  0  0  1/1    13:46   0:00   2:01 
Mike Green               0  0  0   0  2   2  2  1  0  0  0/0    10:22   0:00   0:28 
Nate Thompson            0  0  0   0  0   0  2  0  0  0  3/3    14:02   0:00   0:00 
Noah Juulsen             0  0  0   0  0   0  0  0  0  0  0/0     0:00   0:00   0:00 
Patric Hornqvist         0  0  0  -1  0   4  4  0  0  0  0/2    16:07   3:29   0:00 
Pierre-Luc Dubois        0  0  0   0  0   3  1  0  0  0  9/16   16:15   0:00   4:30 
Trevor van Riemsdyk      0  0  0   0  0   0  2  1  0  0  0/0    20:48   2:15   6:27 
Zach Sanford             0  0  0   0  2   1  3  2  0  0  1/1    15:34   2:28   0:28 

Players Stats for VEGAS

Player Name              G  A  P  +/- PIM S  H  SB GA TA FO     MP     PP MP  PK MP  
------------------------------------------------------------------------------------
Alexander Kerfoot        0  0  0   0  0   1  1  0  0  0  4/9    10:23   0:00   0:00 
Brent Seabrook           0  1  1   1  0   3  0  1  0  0  0/0    24:29   7:49   2:59 
Brock Nelson             0  0  0   0  2   6  2  1  0  0  16/30  21:53   8:20   3:05 
Cody Glass               0  0  0   0  0   0  0  0  0  0  4/9     6:41   0:00   0:00 
Daniel Sprong            0  0  0   1  0   2  0  0  0  0  0/0    18:10   6:24   0:00 
Devon Toews              1  0  1   0  0   2  2  1  0  0  0/0    22:49   6:55   3:17 
Jayce Hawryluk           0  0  0   0  0   1  0  0  0  0  2/3    11:14   0:00   0:51 
Josh Anderson            1  1  2   1  0   5  1  0  0  0  0/0    18:10   6:24   0:00 
Kyle Turris              0  2  2   1  0   4  1  0  0  0  16/21  19:21   6:24   1:11 
Matt Luff                0  0  0   0  0   0  0  0  0  0  0/1     6:41   0:00   0:00 
Max Comtois              0  0  0   0  0   4  1  0  0  0  1/5    11:13   0:00   0:50 
Mikhail Grigorenko       0  0  0   0  0   0  1  0  0  0  0/0     6:41   0:00   0:00 
Nick Holden              0  0  0   0  4   4  1  2  0  0  0/0    20:39   6:55   1:09 
Nikita Zadorov           0  0  0   1  0   1  2  2  0  0  0/0    24:10   7:49   2:40 
Oliver Bjorkstrand       0  0  0   0  0   1  0  0  0  0  2/3    20:11   8:20   1:22 
Sam Reinhart             0  0  0   0  0   1  1  0  0  0  0/1    23:24   8:20   4:35 
Slater Koekkoek          0  0  0   0  0   1  0  2  0  0  0/0    14:50   0:00   1:49 
Stephen Johns            0  0  0   0  0   0  2  3  0  0  0/0    13:01   0:00   0:00 
Victor Rask              0  0  0   0  0   0  0  0  0  0  0/0     0:00   0:00   0:00 

3 Stars

1 - Braden Holtby (VGK)
2 - Josh Anderson (VGK)
3 - Juuse Saros (ANA)

Power Play

ANAHEIM - 0 on 3 Attempt(s) - 0.00%
VEGAS - 1 on 8 Attempt(s) - 12.50%

Penalty Kill

ANAHEIM - 7 on 8 Attempt(s) - 87.50% - Score 0 goal in Penalty Kill
VEGAS - 3 on 3 Attempt(s) - 100.00% - Score 0 goal in Penalty Kill

Team Stat

ANAHEIM - Hits : 24 - Faceoff Wins : 37 - Blocked Shots : 11 - Penalty Minutes : 16
VEGAS - Hits : 15 - Faceoff Wins : 45 - Blocked Shots : 12 - Penalty Minutes : 6

Official

Referees : Dan O'Rourke and Jean Luc Denicourt
Linesman : Joel Stainer and Kris Muchowski

Game Notes

No Game Note

Finance

Level 1 -- Attendance: 4259 (70.98%) -- Ticket Income $425,900
Level 2 -- Attendance: 3966 (79.32%) -- Ticket Income $237,960
Level 3 -- Attendance: 1992 (99.60%) -- Ticket Income $69,720
Level 4 -- Attendance: 2520 (63.00%) -- Ticket Income $63,000
Luxury Box -- Attendance: 690 (69.00%) -- Ticket Income $138,000
Game was played at the T-Mobile Arena.
Total Attendance: 13427 (74.59%)
Total Ticket Income: $934,580
Total Income: $934,580

ANAHEIM

5 vs 5 Forward 
   Center                   Left Wing                Right Wing               Time % Phy DF OF 
 1 Connor McDavid           Jason Zucker             Patric Hornqvist         35     1   2  2  
 2 Evgeny Kuznetsov         Andreas Athanasiou       Zach Sanford             30     1   2  2  
 3 Pierre-Luc Dubois        Michael Frolik           Nate Thompson            25     1   2  2  
 4 Nate Thompson            Connor McDavid           Evgeny Kuznetsov         10     1   2  2  

5 vs 5 Defense 
   Defense                  Defense                                           Time % Phy DF OF 
 1 Joel Edmundson           Anton Stralman                                    35     1   2  2  
 2 Jake McCabe              Trevor van Riemsdyk                               30     1   2  2  
 3 Caleb Jones              Mike Green                                        25     1   2  2  
 4 Brendan Guhle            Casey Nelson                                      10     1   2  2  

PowerPlay Forward 
   Center                   Left Wing                Right Wing               Time % Phy DF OF 
 1 Connor McDavid           Jason Zucker             Patric Hornqvist         60     1   2  2  
 2 Evgeny Kuznetsov         Andreas Athanasiou       Zach Sanford             40     1   2  2  

PowerPlay Defense
   Defense                  Defense                                           Time % Phy DF OF 
 1 Joel Edmundson           Anton Stralman                                    60     1   2  2  
 2 Jake McCabe              Trevor van Riemsdyk                               40     1   2  2  

Penalty Kill 4 Players Forward 
   Center                   Wing                     Time % Phy DF OF 
 1 Connor McDavid           Evgeny Kuznetsov         60     1   2  2  
 2 Pierre-Luc Dubois        Jason Zucker             40     1   2  2  

Penalty Kill 4 Players Defense
   Defense                  Defense                  Time % Phy DF OF 
 1 Joel Edmundson           Anton Stralman           60     1   2  2  
 2 Jake McCabe              Trevor van Riemsdyk      40     1   2  2  

Penalty Kill - 3 Players Forward 
   Forward                                           Time % Phy DF OF 
 1 Connor McDavid                                    60     1   2  2  
 2 Evgeny Kuznetsov                                  40     1   2  2  

Penalty Kill - 3 Players Defense
   Defense                  Defense                  Time % Phy DF OF 
 1 Joel Edmundson           Anton Stralman           60     1   2  2  
 2 Jake McCabe              Trevor van Riemsdyk      40     1   2  2  

4 vs 4 Forward 
   Center                   Wing                     Time % Phy DF OF 
 1 Connor McDavid           Evgeny Kuznetsov         60     1   2  2  
 2 Pierre-Luc Dubois        Jason Zucker             40     1   2  2  

4 vs 4 Defense
   Defense                  Defense                  Time % Phy DF OF 
 1 Joel Edmundson           Anton Stralman           60     1   2  2  
 2 Jake McCabe              Trevor van Riemsdyk      40     1   2  2  

Last Minutes Offensive
   Center                   Left Wing                Right Wing               Defense                  Defense                  
   Connor McDavid           Jason Zucker             Patric Hornqvist         Joel Edmundson           Anton Stralman           

Last Minutes Defensive
   Center                   Left Wing                Right Wing               Defense                  Defense                  
   Connor McDavid           Jason Zucker             Patric Hornqvist         Joel Edmundson           Anton Stralman           

Goaltenders
Starting : Juuse Saros              
Backup : Cam Talbot               

Extra Forwards
Normal : Andrew Shaw, Chris Wagner, Michael Frolik - PP : Andrew Shaw, Chris Wagner - PK : Michael Frolik
Extra Defensemen
Normal : Noah Juulsen, Caleb Jones, Mike Green - PP : Noah Juulsen - PK : Caleb Jones, Mike Green
Penalty Shots
Connor McDavid, Evgeny Kuznetsov, Pierre-Luc Dubois, Jason Zucker, Patric Hornqvist

Scratches
None

VEGAS

5 vs 5 Forward 
   Center                   Left Wing                Right Wing               Time % Phy DF OF 
 1 Brock Nelson             Oliver Bjorkstrand       Sam Reinhart             35     1   2  2  
 2 Kyle Turris              Josh Anderson            Daniel Sprong            30     1   2  2  
 3 Alexander Kerfoot        Max Comtois              Jayce Hawryluk           25     1   2  2  
 4 Cody Glass               Mikhail Grigorenko       Matt Luff                10     1   2  2  

5 vs 5 Defense 
   Defense                  Defense                                           Time % Phy DF OF 
 1 Brent Seabrook           Nikita Zadorov                                    35     1   2  2  
 2 Nick Holden              Devon Toews                                       30     1   2  2  
 3 Stephen Johns            Slater Koekkoek                                   25     1   2  2  
 4 Brent Seabrook           Nikita Zadorov                                    10     1   2  2  

PowerPlay Forward 
   Center                   Left Wing                Right Wing               Time % Phy DF OF 
 1 Brock Nelson             Oliver Bjorkstrand       Sam Reinhart             60     1   2  2  
 2 Kyle Turris              Josh Anderson            Daniel Sprong            40     1   2  2  

PowerPlay Defense
   Defense                  Defense                                           Time % Phy DF OF 
 1 Brent Seabrook           Nikita Zadorov                                    60     1   2  2  
 2 Nick Holden              Devon Toews                                       40     1   2  2  

Penalty Kill 4 Players Forward 
   Center                   Wing                     Time % Phy DF OF 
 1 Brock Nelson             Sam Reinhart             60     1   2  2  
 2 Oliver Bjorkstrand       Kyle Turris              40     1   2  2  

Penalty Kill 4 Players Defense
   Defense                  Defense                  Time % Phy DF OF 
 1 Brent Seabrook           Nikita Zadorov           60     1   2  2  
 2 Nick Holden              Devon Toews              40     1   2  2  

Penalty Kill - 3 Players Forward 
   Forward                                           Time % Phy DF OF 
 1 Brock Nelson                                      60     1   2  2  
 2 Sam Reinhart                                      40     1   2  2  

Penalty Kill - 3 Players Defense
   Defense                  Defense                  Time % Phy DF OF 
 1 Brent Seabrook           Nikita Zadorov           60     1   2  2  
 2 Nick Holden              Devon Toews              40     1   2  2  

4 vs 4 Forward 
   Center                   Wing                     Time % Phy DF OF 
 1 Brock Nelson             Sam Reinhart             60     1   2  2  
 2 Oliver Bjorkstrand       Kyle Turris              40     1   2  2  

4 vs 4 Defense
   Defense                  Defense                  Time % Phy DF OF 
 1 Brent Seabrook           Nikita Zadorov           60     1   2  2  
 2 Nick Holden              Devon Toews              40     1   2  2  

Last Minutes Offensive
   Center                   Left Wing                Right Wing               Defense                  Defense                  
   Brock Nelson             Oliver Bjorkstrand       Sam Reinhart             Brent Seabrook           Nikita Zadorov           

Last Minutes Defensive
   Center                   Left Wing                Right Wing               Defense                  Defense                  
   Brock Nelson             Oliver Bjorkstrand       Sam Reinhart             Brent Seabrook           Nikita Zadorov           

Goaltenders
Starting : Braden Holtby            
Backup : Tristan Jarry            

Extra Forwards
Normal : Victor Rask, Alexander Kerfoot, Max Comtois - PP : Victor Rask, Alexander Kerfoot - PK : Max Comtois
Extra Defensemen
Normal : Stephen Johns, Slater Koekkoek, Nick Holden - PP : Stephen Johns - PK : Slater Koekkoek, Nick Holden
Penalty Shots
Brock Nelson, Sam Reinhart, Oliver Bjorkstrand, Kyle Turris, Josh Anderson

Scratches
Jack Johnson (Healthy), VGK Cap Hit (Suspend), Michael Grabner (Right Knee Injury)

% Time on Ice - ANAHEIM

Lines # - Real PCT - Wanted PCT - Time Play
Normal Forward
1 - 32% - 35% - 12:38
2 - 32% - 30% - 12:39
3 - 30% - 25% - 11:45
4 - 6% - 10% - 2:17
Normal Defense
1 - 30% - 35% - 11:45
2 - 31% - 30% - 12:06
3 - 25% - 25% - 9:55
4 - 14% - 10% - 5:33
PP Forward
1 - 59% - 60% - 3:29
2 - 41% - 40% - 2:28
PP Defense
1 - 62% - 60% - 3:42
2 - 38% - 40% - 2:15
PK Forward
1 - 69% - 60% - 10:14
2 - 31% - 40% - 4:30
PK Defense
1 - 56% - 60% - 8:12
2 - 44% - 40% - 6:32
PK3 Forward
1 - 0% - 60%
2 - 0% - 40%
PK3 Defense
1 - 0% - 60%
2 - 0% - 40%
44 Forward
1 - 0% - 60%
2 - 0% - 40%
44 Defense
1 - 0% - 60%
2 - 0% - 40%
Last Minute Offensive  - 0:00
Last Minute Defensive  - 0:00
Total
Forward - 60:00
Defense - 60:00

% Time on Ice - VEGAS

Lines # - Real PCT - Wanted PCT - Time Play
Normal Forward
1 - 27% - 35% - 10:29
2 - 30% - 30% - 11:46
3 - 26% - 25% - 10:23
4 - 17% - 10% - 6:41
Normal Defense
1 - 33% - 35% - 12:55
2 - 32% - 30% - 12:37
3 - 33% - 25% - 13:01
4 - 2% - 10% - 0:46
PP Forward
1 - 57% - 60% - 8:20
2 - 43% - 40% - 6:24
PP Defense
1 - 53% - 60% - 7:49
2 - 47% - 40% - 6:55
PK Forward
1 - 80% - 60% - 4:46
2 - 20% - 40% - 1:11
PK Defense
1 - 45% - 60% - 2:40
2 - 55% - 40% - 3:17
PK3 Forward
1 - 0% - 60%
2 - 0% - 40%
PK3 Defense
1 - 0% - 60%
2 - 0% - 40%
44 Forward
1 - 0% - 60%
2 - 0% - 40%
44 Defense
1 - 0% - 60%
2 - 0% - 40%
Last Minute Offensive  - 0:00
Last Minute Defensive  - 0:00
Total
Forward - 60:00
Defense - 60:00

Play-by-Play

1st period


0:01 of 1st period - Brock Nelson wins face-off versus Connor McDavid in neutral zone.
0:06 of 1st period - Shot by Sam Reinhart.
0:06 of 1st period - Shot Misses the Net.
0:12 of 1st period - Shot by Brock Nelson.
0:12 of 1st period - Deflect By Sam Reinhart.
0:12 of 1st period - Shot Misses the Net.
0:42 of 1st period - Connor McDavid is hit by Nikita Zadorov and loses puck.
1:57 of 1st period - Shot by Max Comtois.
1:57 of 1st period - Shot Blocked by Zach Sanford.
1:59 of 1st period - Shot by Max Comtois.
1:59 of 1st period - Stopped by Juuse Saros without a rebound.
2:00 of 1st period - Cody Glass wins face-off versus Pierre-Luc Dubois in ANAHEIM zone.
2:07 of 1st period - Brent Seabrook is hit by Nate Thompson and loses puck.
3:22 of 1st period - Shot by Jason Zucker.
3:22 of 1st period - Shot Misses the Net.
3:46 of 1st period - Evgeny Kuznetsov is hit by Alexander Kerfoot and loses puck.
3:52 of 1st period - Andreas Athanasiou is hit by Devon Toews.
3:59 of 1st period - Icing by Alexander Kerfoot.
4:00 of 1st period - Nate Thompson wins face-off versus Alexander Kerfoot in VEGAS zone.
4:24 of 1st period - Shot by Jayce Hawryluk.
4:24 of 1st period - Shot Misses the Net.
4:48 of 1st period - Shot by Brent Seabrook.
4:48 of 1st period - Shot Blocked by Trevor van Riemsdyk.
5:08 of 1st period - Shot by Daniel Sprong.
5:08 of 1st period - Shot Misses the Net.
5:21 of 1st period - Jake McCabe is hit by Stephen Johns and loses puck.
5:32 of 1st period - Shot by Cody Glass.
5:32 of 1st period - Shot Misses the Net.
5:55 of 1st period - Icing by Trevor van Riemsdyk.
5:56 of 1st period - Nate Thompson wins face-off versus Brock Nelson in ANAHEIM zone.
5:56 of 1st period - Nate Thompson is hit by Brock Nelson.
6:14 of 1st period - Shot by Brock Nelson.
6:14 of 1st period - Shot Misses the Net.
6:16 of 1st period - Shot by Brock Nelson.
6:16 of 1st period - Stopped by Juuse Saros without a rebound.
6:17 of 1st period - Alexander Kerfoot wins face-off versus Patric Hornqvist in ANAHEIM zone.
6:28 of 1st period - Shot by Patric Hornqvist.
6:28 of 1st period - Stopped by Braden Holtby without a rebound.
6:29 of 1st period - Zach Sanford wins face-off versus Kyle Turris in VEGAS zone.
6:52 of 1st period - Icing by Andreas Athanasiou.
6:53 of 1st period - Andrew Shaw wins face-off versus Brock Nelson in ANAHEIM zone.
7:09 of 1st period - Zach Sanford is hit by Nikita Zadorov.
7:13 of 1st period - Shot by Andreas Athanasiou.
7:13 of 1st period - Shot Blocked by Nikita Zadorov.
7:15 of 1st period - Shot by Joel Edmundson.
7:15 of 1st period - Stopped by Braden Holtby without a rebound.
7:16 of 1st period - Kyle Turris wins face-off versus Chris Wagner in VEGAS zone.
7:16 of 1st period - Kyle Turris is hit by Jason Zucker.
7:40 of 1st period - Minor Penalty to Caleb Jones for Elbowing.
7:41 of 1st period - Pierre-Luc Dubois wins face-off versus Brock Nelson in ANAHEIM zone.
7:41 of 1st period - Pierre-Luc Dubois is hit by Sam Reinhart.
8:12 of 1st period - Shot by Brock Nelson.
8:12 of 1st period - Stopped by Juuse Saros without a rebound.
8:13 of 1st period - Kyle Turris wins face-off versus Connor McDavid in ANAHEIM zone.
8:46 of 1st period - Shot by Devon Toews.
8:46 of 1st period - Stopped by Juuse Saros without a rebound.
8:47 of 1st period - Connor McDavid wins face-off versus Sam Reinhart in ANAHEIM zone.
9:08 of 1st period - Shot by Oliver Bjorkstrand.
9:08 of 1st period - Stopped by Juuse Saros with a rebound.
9:42 of 1st period - Icing by Casey Nelson.
9:43 of 1st period - Jayce Hawryluk wins face-off versus Pierre-Luc Dubois in ANAHEIM zone.
9:57 of 1st period - Icing by Stephen Johns.
9:58 of 1st period - Connor McDavid wins face-off versus Alexander Kerfoot in VEGAS zone.
10:01 of 1st period - Shot by Jason Zucker.
10:01 of 1st period - Stopped by Braden Holtby without a rebound.
10:02 of 1st period - Kyle Turris wins face-off versus Evgeny Kuznetsov in VEGAS zone.
10:20 of 1st period - Shot by Kyle Turris.
10:20 of 1st period - Deflect By Daniel Sprong.
10:20 of 1st period - Shot Blocked by Mike Green.
10:24 of 1st period - Shot by Josh Anderson.
10:24 of 1st period - Stopped by Juuse Saros with a rebound.
10:28 of 1st period - Shot by Kyle Turris.
10:28 of 1st period - Shot Misses the Net.
10:30 of 1st period - Shot by Kyle Turris.
10:30 of 1st period - Shot Hit the Post.
10:50 of 1st period - Minor Penalty to Andreas Athanasiou for Hooking.
10:51 of 1st period - Brock Nelson wins face-off versus Connor McDavid in ANAHEIM zone.
10:58 of 1st period - Shot by Brock Nelson.
10:58 of 1st period - Stopped by Juuse Saros without a rebound.
10:59 of 1st period - Connor McDavid wins face-off versus Brock Nelson in ANAHEIM zone.
11:59 of 1st period - Shot by Kyle Turris.
11:59 of 1st period - Deflect By Josh Anderson.
11:59 of 1st period - Stopped by Juuse Saros without a rebound.
12:00 of 1st period - Kyle Turris wins face-off versus Connor McDavid in ANAHEIM zone.
12:03 of 1st period - Shot by Nick Holden.
12:03 of 1st period - Stopped by Juuse Saros with a rebound.
12:05 of 1st period - Shot by Devon Toews.
12:05 of 1st period - Shot Misses the Net.
12:07 of 1st period - Shot by Kyle Turris.
12:07 of 1st period - Shot Misses the Net.
12:09 of 1st period - Shot by Nick Holden.
12:09 of 1st period - Shot Misses the Net.
12:11 of 1st period - Shot by Josh Anderson.
12:11 of 1st period - Stopped by Juuse Saros without a rebound.
12:12 of 1st period - Connor McDavid wins face-off versus Brock Nelson in ANAHEIM zone.
13:13 of 1st period - Shot by Nate Thompson.
13:13 of 1st period - Deflect By Pierre-Luc Dubois.
13:13 of 1st period - Stopped by Braden Holtby without a rebound.
13:14 of 1st period - Connor McDavid wins face-off versus Kyle Turris in VEGAS zone.
13:47 of 1st period - Shot by Josh Anderson.
13:47 of 1st period - Shot Misses the Net.
13:49 of 1st period - Shot by Kyle Turris.
13:49 of 1st period - Stopped by Juuse Saros without a rebound.
13:50 of 1st period - Alexander Kerfoot wins face-off versus Pierre-Luc Dubois in ANAHEIM zone.
14:17 of 1st period - Slater Koekkoek is hit by Nate Thompson and loses puck.
14:48 of 1st period - Stephen Johns is hit by Mike Green.
14:49 of 1st period - Minor Penalty to Mike Green for Roughing.
14:50 of 1st period - Brock Nelson wins face-off versus Connor McDavid in ANAHEIM zone.
14:54 of 1st period - Shot by Oliver Bjorkstrand.
14:54 of 1st period - Shot Misses the Net.
14:56 of 1st period - Shot by Brent Seabrook.
14:56 of 1st period - Stopped by Juuse Saros without a rebound.
14:57 of 1st period - Brock Nelson wins face-off versus Connor McDavid in ANAHEIM zone.
15:24 of 1st period - Shot by Brent Seabrook.
15:24 of 1st period - Stopped by Juuse Saros without a rebound.
15:25 of 1st period - Kyle Turris wins face-off versus Connor McDavid in ANAHEIM zone.
15:40 of 1st period - Shot by Devon Toews.
15:40 of 1st period - Goal by Devon Toews - ANAHEIM : 0 - VEGAS : 1.
15:41 of 1st period - Pierre-Luc Dubois wins face-off versus Cody Glass in neutral zone.
15:50 of 1st period - Icing by Caleb Jones.
15:51 of 1st period - Pierre-Luc Dubois wins face-off versus Brock Nelson in ANAHEIM zone.
15:59 of 1st period - Icing by Devon Toews.
16:00 of 1st period - Brock Nelson wins face-off versus Connor McDavid in VEGAS zone.
16:15 of 1st period - Shot by Connor McDavid.
16:15 of 1st period - Shot Blocked by Nick Holden.
16:17 of 1st period - Shot by Anton Stralman.
16:17 of 1st period - Shot Misses the Net.
16:23 of 1st period - Shot by Connor McDavid.
16:23 of 1st period - Stopped by Braden Holtby without a rebound.
16:24 of 1st period - Kyle Turris wins face-off versus Evgeny Kuznetsov in VEGAS zone.
16:49 of 1st period - Josh Anderson is hit by Zach Sanford and loses puck.
16:58 of 1st period - Shot by Daniel Sprong.
16:58 of 1st period - Shot Misses the Net.
17:31 of 1st period - Shot by Sam Reinhart.
17:31 of 1st period - Stopped by Juuse Saros without a rebound.
17:32 of 1st period - Connor McDavid wins face-off versus Alexander Kerfoot in ANAHEIM zone.
17:47 of 1st period - Shot by Connor McDavid.
17:47 of 1st period - Deflect By Patric Hornqvist.
17:47 of 1st period - Shot Misses the Net.
17:49 of 1st period - Shot by Jason Zucker.
17:49 of 1st period - Stopped by Braden Holtby without a rebound.
17:50 of 1st period - Oliver Bjorkstrand wins face-off versus Pierre-Luc Dubois in VEGAS zone.
18:02 of 1st period - Shot by Mike Green.
18:02 of 1st period - Stopped by Braden Holtby without a rebound.
18:03 of 1st period - Kyle Turris wins face-off versus Connor McDavid in VEGAS zone.
18:05 of 1st period - Brent Seabrook is hit by Jason Zucker and loses puck.
18:20 of 1st period - Daniel Sprong is hit by Patric Hornqvist and loses puck.
18:29 of 1st period - Shot by Connor McDavid.
18:29 of 1st period - Stopped by Braden Holtby with a rebound.
18:37 of 1st period - Shot by Connor McDavid.
18:37 of 1st period - Stopped by Braden Holtby with a rebound.
18:41 of 1st period - Shot by Connor McDavid.
18:41 of 1st period - Shot Blocked by Brent Seabrook.
18:43 of 1st period - Shot by Patric Hornqvist.
18:43 of 1st period - Stopped by Braden Holtby with a rebound.
19:10 of 1st period - Shot by Pierre-Luc Dubois.
19:10 of 1st period - Shot Misses the Net.
19:20 of 1st period - Shot by Brock Nelson.
19:20 of 1st period - Stopped by Juuse Saros without a rebound.
19:21 of 1st period - Evgeny Kuznetsov wins face-off versus Alexander Kerfoot in ANAHEIM zone.
19:37 of 1st period - Alexander Kerfoot is hit by Andreas Athanasiou and loses puck.
19:55 of 1st period - Shot by Evgeny Kuznetsov.
19:55 of 1st period - Shot Blocked by Slater Koekkoek.
19:57 of 1st period - Shot by Casey Nelson.
19:57 of 1st period - Shot Misses the Net.
Goals for this period are 0 for ANAHEIM vs 1 for VEGAS.
Shots for this period are 10 for ANAHEIM vs 16 for VEGAS.

2nd period


0:01 of 2nd period - Connor McDavid wins face-off versus Brock Nelson in neutral zone.
0:07 of 2nd period - Icing by Brock Nelson.
0:08 of 2nd period - Connor McDavid wins face-off versus Brock Nelson in VEGAS zone.
0:15 of 2nd period - Shot by Patric Hornqvist.
0:15 of 2nd period - Shot Misses the Net.
0:20 of 2nd period - Minor Penalty to Joel Edmundson for Hooking.
0:21 of 2nd period - Kyle Turris wins face-off versus Connor McDavid in ANAHEIM zone.
0:44 of 2nd period - Shot by Nick Holden.
0:44 of 2nd period - Shot Hit the Post.
1:14 of 2nd period - Shot by Oliver Bjorkstrand.
1:14 of 2nd period - Deflect By Sam Reinhart.
1:14 of 2nd period - Shot Blocked by Caleb Jones.
3:05 of 2nd period - Icing by Casey Nelson.
3:06 of 2nd period - Pierre-Luc Dubois wins face-off versus Cody Glass in ANAHEIM zone.
3:14 of 2nd period - Brendan Guhle is hit by Nick Holden and loses puck.
3:30 of 2nd period - Matt Luff is hit by Patric Hornqvist and loses puck.
3:47 of 2nd period - Connor McDavid is hit by Devon Toews and loses puck.
3:48 of 2nd period - Minor Penalty to Nick Holden for Cross-checking.
3:49 of 2nd period - Brock Nelson wins face-off versus Evgeny Kuznetsov in VEGAS zone.
3:49 of 2nd period - Brock Nelson is hit by Zach Sanford.
4:57 of 2nd period - Shot by Jason Zucker.
4:57 of 2nd period - Shot Blocked by Slater Koekkoek.
4:59 of 2nd period - Shot by Trevor van Riemsdyk.
4:59 of 2nd period - Shot Blocked by Devon Toews.
5:06 of 2nd period - Shot by Trevor van Riemsdyk.
5:06 of 2nd period - Shot Misses the Net.
5:08 of 2nd period - Shot by Jake McCabe.
5:08 of 2nd period - Stopped by Braden Holtby with a rebound.
5:10 of 2nd period - Shot by Connor McDavid.
5:10 of 2nd period - Stopped by Braden Holtby with a rebound.
5:12 of 2nd period - Shot by Connor McDavid.
5:12 of 2nd period - Stopped by Braden Holtby without a rebound.
5:13 of 2nd period - Evgeny Kuznetsov wins face-off versus Brock Nelson in VEGAS zone.
5:33 of 2nd period - Shot by Evgeny Kuznetsov.
5:33 of 2nd period - Stopped by Braden Holtby without a rebound.
5:34 of 2nd period - Brock Nelson wins face-off versus Patric Hornqvist in VEGAS zone.
5:34 of 2nd period - Sam Reinhart is hit by Connor McDavid and loses puck.
6:18 of 2nd period - Shot by Jayce Hawryluk.
6:18 of 2nd period - Shot Misses the Net.
7:29 of 2nd period - Minor Penalty to Connor McDavid for Slashing.
7:30 of 2nd period - Evgeny Kuznetsov wins face-off versus Brock Nelson in ANAHEIM zone.
8:19 of 2nd period - Shot by Nick Holden.
8:19 of 2nd period - Stopped by Juuse Saros without a rebound.
8:20 of 2nd period - Kyle Turris wins face-off versus Chris Wagner in ANAHEIM zone.
8:53 of 2nd period - Chris Wagner is hit by Josh Anderson and loses puck.
9:21 of 2nd period - Brock Nelson is hit by Joel Edmundson.
9:28 of 2nd period - Icing by Sam Reinhart.
9:29 of 2nd period - Connor McDavid wins face-off versus Max Comtois in VEGAS zone.
9:30 of 2nd period - Shot by Jason Zucker.
9:30 of 2nd period - Shot Misses the Net.
9:44 of 2nd period - Brendan Guhle is hit by Max Comtois and loses puck.
9:53 of 2nd period - Shot by Max Comtois.
9:53 of 2nd period - Shot Misses the Net.
9:55 of 2nd period - Shot by Max Comtois.
9:55 of 2nd period - Shot Misses the Net.
9:57 of 2nd period - Shot by Jayce Hawryluk.
9:57 of 2nd period - Deflect By Max Comtois.
9:57 of 2nd period - Stopped by Juuse Saros without a rebound.
9:58 of 2nd period - Cody Glass wins face-off versus Pierre-Luc Dubois in ANAHEIM zone.
10:05 of 2nd period - Trevor van Riemsdyk is hit by Mikhail Grigorenko and loses puck.
10:20 of 2nd period - Cody Glass is hit by Pierre-Luc Dubois and loses puck.
11:07 of 2nd period - Shot by Evgeny Kuznetsov.
11:07 of 2nd period - Shot Blocked by Stephen Johns.
11:45 of 2nd period - Shot by Jason Zucker.
11:45 of 2nd period - Shot Blocked by Stephen Johns.
11:47 of 2nd period - Shot by Mike Green.
11:47 of 2nd period - Stopped by Braden Holtby without a rebound.
11:48 of 2nd period - Kyle Turris wins face-off versus Connor McDavid in VEGAS zone.
12:57 of 2nd period - Shot by Pierre-Luc Dubois.
12:57 of 2nd period - Shot Misses the Net.
13:43 of 2nd period - Shot by Evgeny Kuznetsov.
13:43 of 2nd period - Stopped by Braden Holtby without a rebound.
13:44 of 2nd period - Evgeny Kuznetsov wins face-off versus Cody Glass in VEGAS zone.
14:06 of 2nd period - Shot by Zach Sanford.
14:06 of 2nd period - Stopped by Braden Holtby without a rebound.
14:07 of 2nd period - Connor McDavid wins face-off versus Oliver Bjorkstrand in VEGAS zone.
14:07 of 2nd period - Minor Penalty to Nick Holden for Delaying the game.
14:08 of 2nd period - Brock Nelson wins face-off versus Connor McDavid in VEGAS zone.
14:21 of 2nd period - Shot by Patric Hornqvist.
14:21 of 2nd period - Shot Misses the Net.
14:23 of 2nd period - Shot by Anton Stralman.
14:23 of 2nd period - Shot Blocked by Brock Nelson.
14:25 of 2nd period - Shot by Anton Stralman.
14:25 of 2nd period - Shot Misses the Net.
14:27 of 2nd period - Shot by Jason Zucker.
14:27 of 2nd period - Stopped by Braden Holtby without a rebound.
14:28 of 2nd period - Evgeny Kuznetsov wins face-off versus Brock Nelson in VEGAS zone.
14:46 of 2nd period - Icing by Jake McCabe.
14:47 of 2nd period - Brock Nelson wins face-off versus Evgeny Kuznetsov in ANAHEIM zone.
14:56 of 2nd period - Shot by Brock Nelson.
14:56 of 2nd period - Shot Misses the Net.
14:58 of 2nd period - Shot by Brock Nelson.
14:58 of 2nd period - Shot Misses the Net.
15:00 of 2nd period - Shot by Slater Koekkoek.
15:00 of 2nd period - Stopped by Juuse Saros with a rebound.
15:02 of 2nd period - Shot by Sam Reinhart.
15:02 of 2nd period - Shot Blocked by Zach Sanford.
15:04 of 2nd period - Shot by Brock Nelson.
15:04 of 2nd period - Shot Misses the Net.
15:08 of 2nd period - Shot by Brock Nelson.
15:08 of 2nd period - Stopped by Juuse Saros without a rebound.
15:09 of 2nd period - Oliver Bjorkstrand wins face-off versus Connor McDavid in ANAHEIM zone.
15:12 of 2nd period - Shot by Kyle Turris.
15:12 of 2nd period - Stopped by Juuse Saros with a rebound.
15:16 of 2nd period - Shot by Kyle Turris.
15:16 of 2nd period - Shot Blocked by Joel Edmundson.
15:18 of 2nd period - Shot by Kyle Turris.
15:18 of 2nd period - Stopped by Juuse Saros without a rebound.
15:19 of 2nd period - Connor McDavid wins face-off versus Brock Nelson in ANAHEIM zone.
15:24 of 2nd period - Shot by Joel Edmundson.
15:24 of 2nd period - Stopped by Braden Holtby without a rebound.
15:25 of 2nd period - Brock Nelson wins face-off versus Connor McDavid in VEGAS zone.
15:25 of 2nd period - Brock Nelson is hit by Connor McDavid.
15:55 of 2nd period - Kyle Turris is hit by Patric Hornqvist.
16:13 of 2nd period - Shot by Evgeny Kuznetsov.
16:13 of 2nd period - Stopped by Braden Holtby without a rebound.
16:14 of 2nd period - Kyle Turris wins face-off versus Evgeny Kuznetsov in VEGAS zone.
16:16 of 2nd period - Icing by Devon Toews.
16:17 of 2nd period - Kyle Turris wins face-off versus Evgeny Kuznetsov in VEGAS zone.
16:17 of 2nd period - Kyle Turris is hit by Evgeny Kuznetsov.
16:22 of 2nd period - Devon Toews is hit by Trevor van Riemsdyk and loses puck.
16:56 of 2nd period - Icing by Evgeny Kuznetsov.
16:57 of 2nd period - Brock Nelson wins face-off versus Andreas Athanasiou in ANAHEIM zone.
17:25 of 2nd period - Shot by Brock Nelson.
17:25 of 2nd period - Deflect By Sam Reinhart.
17:25 of 2nd period - Shot Misses the Net.
17:51 of 2nd period - Slater Koekkoek is hit by Jason Zucker and loses puck.
18:10 of 2nd period - Shot by Alexander Kerfoot.
18:10 of 2nd period - Shot Misses the Net.
18:14 of 2nd period - Shot by Max Comtois.
18:14 of 2nd period - Shot Blocked by Joel Edmundson.
18:38 of 2nd period - Shot by Nick Holden.
18:38 of 2nd period - Shot Misses the Net.
18:46 of 2nd period - Shot by Kyle Turris.
18:46 of 2nd period - Stopped by Juuse Saros with a rebound.
18:48 of 2nd period - Shot by Nick Holden.
18:48 of 2nd period - Stopped by Juuse Saros with a rebound.
18:50 of 2nd period - Shot by Josh Anderson.
18:50 of 2nd period - Shot Misses the Net.
18:52 of 2nd period - Shot by Josh Anderson.
18:52 of 2nd period - Shot Blocked by Anton Stralman.
19:16 of 2nd period - Icing by Cody Glass.
19:17 of 2nd period - Evgeny Kuznetsov wins face-off versus Cody Glass in VEGAS zone.
19:39 of 2nd period - Shot by Andreas Athanasiou.
19:39 of 2nd period - Deflect By Evgeny Kuznetsov.
19:39 of 2nd period - Shot Blocked by Nikita Zadorov.
Goals for this period are 0 for ANAHEIM vs 0 for VEGAS.
Shots for this period are 10 for ANAHEIM vs 8 for VEGAS.

3rd period


0:01 of 3rd period - Connor McDavid wins face-off versus Brock Nelson in neutral zone.
1:01 of 3rd period - Shot by Evgeny Kuznetsov.
1:01 of 3rd period - Stopped by Braden Holtby with a rebound.
1:06 of 3rd period - Devon Toews is hit by Zach Sanford and loses puck.
1:11 of 3rd period - Jake McCabe is hit by Kyle Turris and loses puck.
1:36 of 3rd period - Off-side.
1:37 of 3rd period - Pierre-Luc Dubois wins face-off versus Jayce Hawryluk in neutral zone.
1:42 of 3rd period - Shot by Pierre-Luc Dubois.
1:42 of 3rd period - Stopped by Braden Holtby with a rebound.
1:44 of 3rd period - Shot by Mike Green.
1:44 of 3rd period - Shot Blocked by Stephen Johns.
1:48 of 3rd period - Shot by Michael Frolik.
1:48 of 3rd period - Stopped by Braden Holtby without a rebound.
1:49 of 3rd period - Pierre-Luc Dubois wins face-off versus Cody Glass in VEGAS zone.
1:57 of 3rd period - Shot by Matt Luff.
1:57 of 3rd period - Shot Misses the Net.
1:59 of 3rd period - Shot by Cody Glass.
1:59 of 3rd period - Shot Blocked by Brendan Guhle.
3:04 of 3rd period - Shot by Connor McDavid.
3:04 of 3rd period - Stopped by Braden Holtby with a rebound.
3:06 of 3rd period - Shot by Connor McDavid.
3:06 of 3rd period - Shot Misses the Net.
3:10 of 3rd period - Shot by Connor McDavid.
3:10 of 3rd period - Stopped by Braden Holtby with a rebound.
3:12 of 3rd period - Shot by Anton Stralman.
3:12 of 3rd period - Shot Misses the Net.
3:14 of 3rd period - Shot by Patric Hornqvist.
3:14 of 3rd period - Stopped by Braden Holtby without a rebound.
3:15 of 3rd period - Evgeny Kuznetsov wins face-off versus Kyle Turris in VEGAS zone.
3:24 of 3rd period - Shot by Andreas Athanasiou.
3:24 of 3rd period - Shot Misses the Net.
3:41 of 3rd period - Icing by Jake McCabe.
3:42 of 3rd period - Alexander Kerfoot wins face-off versus Evgeny Kuznetsov in ANAHEIM zone.
3:45 of 3rd period - Shot by Max Comtois.
3:45 of 3rd period - Stopped by Juuse Saros with a rebound.
4:11 of 3rd period - Shot by Jayce Hawryluk.
4:11 of 3rd period - Stopped by Juuse Saros with a rebound.
4:27 of 3rd period - Icing by Andreas Athanasiou.
4:28 of 3rd period - Brock Nelson wins face-off versus Evgeny Kuznetsov in ANAHEIM zone.
4:32 of 3rd period - Minor Penalty to Brock Nelson for Hooking.
4:33 of 3rd period - Jayce Hawryluk wins face-off versus Connor McDavid in VEGAS zone.
5:01 of 3rd period - Shot by Joel Edmundson.
5:01 of 3rd period - Stopped by Braden Holtby without a rebound.
5:02 of 3rd period - Connor McDavid wins face-off versus Max Comtois in VEGAS zone.
5:07 of 3rd period - Shot by Patric Hornqvist.
5:07 of 3rd period - Stopped by Braden Holtby without a rebound.
5:08 of 3rd period - Max Comtois wins face-off versus Connor McDavid in VEGAS zone.
5:08 of 3rd period - Max Comtois is hit by Patric Hornqvist.
5:22 of 3rd period - Shot by Connor McDavid.
5:22 of 3rd period - Stopped by Braden Holtby with a rebound.
5:57 of 3rd period - Icing by Zach Sanford.
5:58 of 3rd period - Evgeny Kuznetsov wins face-off versus Max Comtois in ANAHEIM zone.
6:32 of 3rd period - Jake McCabe is hit by Stephen Johns and loses puck.
7:39 of 3rd period - Shot by Nikita Zadorov.
7:39 of 3rd period - Stopped by Juuse Saros with a rebound.
7:42 of 3rd period - Icing by Caleb Jones.
7:43 of 3rd period - Alexander Kerfoot wins face-off versus Pierre-Luc Dubois in ANAHEIM zone.
7:43 of 3rd period - Alexander Kerfoot is hit by Mike Green.
7:44 of 3rd period - Minor Penalty to Caleb Jones for Interference.
7:45 of 3rd period - Brock Nelson wins face-off versus Connor McDavid in ANAHEIM zone.
8:46 of 3rd period - Shot by Brent Seabrook.
8:46 of 3rd period - Shot Misses the Net.
9:44 of 3rd period - Shot by Sam Reinhart.
9:44 of 3rd period - Shot Misses the Net.
9:46 of 3rd period - Shot by Jayce Hawryluk.
9:46 of 3rd period - Shot Misses the Net.
9:52 of 3rd period - Shot by Alexander Kerfoot.
9:52 of 3rd period - Stopped by Juuse Saros without a rebound.
9:53 of 3rd period - Nate Thompson wins face-off versus Matt Luff in ANAHEIM zone.
9:58 of 3rd period - Off-side.
9:59 of 3rd period - Pierre-Luc Dubois wins face-off versus Max Comtois in neutral zone.
11:15 of 3rd period - Shot by Josh Anderson.
11:15 of 3rd period - Shot Misses the Net.
11:17 of 3rd period - Shot by Josh Anderson.
11:17 of 3rd period - Stopped by Juuse Saros without a rebound.
11:18 of 3rd period - Connor McDavid wins face-off versus Brock Nelson in ANAHEIM zone.
11:34 of 3rd period - Shot by Connor McDavid.
11:34 of 3rd period - Deflect By Patric Hornqvist.
11:34 of 3rd period - Shot Blocked by Nick Holden.
12:17 of 3rd period - Off-side.
12:18 of 3rd period - Cody Glass wins face-off versus Evgeny Kuznetsov in neutral zone.
12:31 of 3rd period - Shot by Cody Glass.
12:31 of 3rd period - Shot Misses the Net.
12:43 of 3rd period - Shot by Evgeny Kuznetsov.
12:43 of 3rd period - Stopped by Braden Holtby without a rebound.
12:44 of 3rd period - Pierre-Luc Dubois wins face-off versus Kyle Turris in VEGAS zone.
12:55 of 3rd period - Shot by Pierre-Luc Dubois.
12:55 of 3rd period - Stopped by Braden Holtby without a rebound.
12:56 of 3rd period - Brock Nelson wins face-off versus Evgeny Kuznetsov in VEGAS zone.
13:01 of 3rd period - Shot by Brock Nelson.
13:01 of 3rd period - Stopped by Juuse Saros with a rebound.
13:03 of 3rd period - Shot by Sam Reinhart.
13:03 of 3rd period - Shot Misses the Net.
13:05 of 3rd period - Shot by Brock Nelson.
13:05 of 3rd period - Deflect By Oliver Bjorkstrand.
13:05 of 3rd period - Shot Blocked by Casey Nelson.
14:09 of 3rd period - Shot by Josh Anderson.
14:09 of 3rd period - Shot Misses the Net.
14:11 of 3rd period - Shot by Josh Anderson.
14:11 of 3rd period - Goal by Josh Anderson - ANAHEIM : 0 - VEGAS : 2.
14:12 of 3rd period - Pierre-Luc Dubois wins face-off versus Alexander Kerfoot in neutral zone.
14:47 of 3rd period - Off-side.
14:48 of 3rd period - Brock Nelson wins face-off versus Connor McDavid in neutral zone.
15:16 of 3rd period - Brent Seabrook is hit by Joel Edmundson and loses puck.
15:42 of 3rd period - Minor Penalty to Zach Sanford for High sticking.
15:43 of 3rd period - Kyle Turris wins face-off versus Connor McDavid in ANAHEIM zone.
16:05 of 3rd period - Shot by Daniel Sprong.
16:05 of 3rd period - Stopped by Juuse Saros without a rebound.
16:06 of 3rd period - Kyle Turris wins face-off versus Evgeny Kuznetsov in ANAHEIM zone.
16:07 of 3rd period - Shot by Nick Holden.
16:07 of 3rd period - Stopped by Juuse Saros without a rebound.
16:08 of 3rd period - Kyle Turris wins face-off versus Connor McDavid in ANAHEIM zone.
16:09 of 3rd period - Shot by Nick Holden.
16:09 of 3rd period - Shot Misses the Net.
16:18 of 3rd period - Josh Anderson is hit by Joel Edmundson and loses puck.
16:21 of 3rd period - Shot by Josh Anderson.
16:21 of 3rd period - Shot Misses the Net.
16:32 of 3rd period - Shot by Daniel Sprong.
16:32 of 3rd period - Stopped by Juuse Saros with a rebound.
17:06 of 3rd period - Shot by Sam Reinhart.
17:06 of 3rd period - Shot Misses the Net.
17:21 of 3rd period - Oliver Bjorkstrand is hit by Trevor van Riemsdyk and loses puck.
17:57 of 3rd period - Shot by Jayce Hawryluk.
17:57 of 3rd period - Shot Misses the Net.
17:59 of 3rd period - Shot by Max Comtois.
17:59 of 3rd period - Stopped by Juuse Saros without a rebound.
18:00 of 3rd period - Cody Glass wins face-off versus Pierre-Luc Dubois in ANAHEIM zone.
18:00 of 3rd period - Minor Penalty to Casey Nelson for Slashing.
18:01 of 3rd period - Brock Nelson wins face-off versus Connor McDavid in ANAHEIM zone.
18:26 of 3rd period - Shot by Oliver Bjorkstrand.
18:26 of 3rd period - Shot Misses the Net.
19:24 of 3rd period - Joel Edmundson is hit by Brock Nelson and loses puck.
19:41 of 3rd period - Shot by Nikita Zadorov.
19:41 of 3rd period - Shot Blocked by Connor McDavid.
19:43 of 3rd period - Shot by Brent Seabrook.
19:43 of 3rd period - Stopped by Juuse Saros without a rebound.
19:44 of 3rd period - Michael Frolik wins face-off versus Kyle Turris in ANAHEIM zone.
19:54 of 3rd period - Icing by Nick Holden.
19:55 of 3rd period - Kyle Turris wins face-off versus Connor McDavid in VEGAS zone.
Goals for this period are 0 for ANAHEIM vs 1 for VEGAS.
Shots for this period are 11 for ANAHEIM vs 12 for VEGAS.